 Dungeon Crawl Stone Soup version 0.30-a0-364-gf6b3ef1049 (webtiles) character file.

Game seed: 1657628965482820369

173 jlumianski the Trooper (level 5, -1/42 HPs)
             Began as a Demonspawn Fighter on Nov 15, 2022.
             Slain by an orc
             ... wielding a +2 hand axe of electrocution
              (17 damage)
             ... on level 3 of the Dungeon.
             The game lasted 00:12:58 (2184 turns).

jlumianski the Trooper (Demonspawn Fighter)         Turns: 2184, Time: 00:13:00

Health: -1/42      AC:  6    Str: 24    XL:     5   Next: 28%
Magic:  5/5        EV:  9    Int: 10    God:
Gold:   70         SH:  5    Dex: 12    Spells: 4/4 levels left

rFire   . . .      SeeInvis .    o - +0 war axe (venom)
rCold   . . .      Faith    .    c - +1 buckler
rNeg    . . .      Spirit   .    b - +0 scale mail
rPois   .          Reflect  .    (no helmet)
rElec   .          Harm     .    (no cloak)
rCorr   .          Rampage  .    (no gloves)
Will    .....                    (no boots)
Stlth   ..........               (no amulet)
HPRegen 0.27/turn                j - +6 ring of strength
MPRegen 0.09/turn                r - ring of flight

@: flying
A: claws 1, ignite blood 1
a: no special abilities


You were on level 3 of the Dungeon.
You visited 1 branch of the dungeon, and saw 5 of its levels.

You collected 132 gold pieces.
You spent 62 gold pieces at shops.

Inventory:

Hand Weapons
 a - a +1 war axe
 o - a +0 war axe of venom (weapon)
Missiles
 h - 6 boomerangs (quivered)
 s - 5 poisoned darts
Armour
 b - a +0 scale mail (worn)
 c - a +1 buckler (worn)
Jewellery
 j - a +6 ring of strength (left claw)
 r - a ring of flight (right claw)
Scrolls
 f - a scroll of enchant armour
 g - 2 scrolls of poison
 n - 3 scrolls of fear
Potions
 d - a potion of might
 e - 2 potions of curing
 i - a potion of brilliance
 k - a potion of heal wounds {unknown}
 l - a potion of berserk rage {unknown}
 m - a potion of attraction {unknown}
 p - a potion of resistance {unknown}
 q - a potion of mutation {unknown}
 t - a potion of ambrosia {unknown}


   Skills:
 * Level 3.8 Fighting
 + Level 3.3 Axes
 + Level 3.5 Armour
 + Level 0.8 Dodging
 + Level 0.1 Stealth
 + Level 3.0 Shields


You had 4 spell levels left.
You didn't know any spells.
Your spell library contained the following spells:

 Spells                   Type           Power      Damage    Failure   Level
 Freeze                   Ice            0%         1d3       77%         1
 Ensorcelled Hibernation  Hex/Ice        0%         N/A       88%         2
 Passwall                 Tmut/Erth      0%         N/A       88%         2
 Frozen Ramparts          Ice            0%         1d1       98%         3
 Hailstorm                Conj/Ice       0%         3d3       98%         3
 Ignite Poison            Fire/Tmut/Pois 0%         N/A       98%         3
 Kindle Blastsparks       Fire/Tloc/Air  0%         2d10      98%         3
 Swiftness                Air            0%         N/A       98%         3
 Freezing Cloud           Conj/Ice/Air   0%         6-21      100%        5


Dungeon Overview and Level Annotations

Branches:
Dungeon (5/15)
 Temple: D:4-7

Altars:
Makhleb

Shops:
D:3 (


Innate Abilities, Weirdness & Mutations

You have sharp fingernails.
Your demonic aura sometimes causes spilled blood to erupt in flames.


Message History

You kill the orc!
The orc throws a boomerang.
The boomerang barely misses you.
The orc throws a boomerang.
You block the boomerang.
Items here: ( ) ? [ †.
The orc throws a boomerang.
You block the boomerang.
You slash the orc!
You kill the orc!
Found a flail.
h - 6 boomerangs (gained 3)
Things that are here:
a +0 mace; an orc corpse An orc comes into view.
It is wielding a +0 hand axe.
The orc shouts!
An orc comes into view. It is wielding a +0 whip.
An orc comes into view. It is wielding a +0 flail.
The orc shouts! x2
The orc moves out of view.
An orc comes into view.
It is wielding a +2 hand axe of electrocution.
The orc closely misses you.
You hit the orc.
The orc is severely wounded.
You hit the orc.
The orc is poisoned.
The orc hits you with a +0 whip.
You hit the orc but do no damage. You hit the orc.
The orc looks as sick as possible!
You barely miss the orc.
You kill the orc!
The orc hits you with a +0 hand axe. The orc barely misses you.
The orc hits you with a +0 flail. You block the orc's attack.
The orc hits you but does no damage.
You hit the orc.
The orc is poisoned.
The orc is heavily wounded.
You barely miss the orc. You completely miss the orc.
You block the orc's attack. The orc closely misses you. x2
You barely miss the orc.
The orc is almost dead.
You slash the orc!
You kill the orc!
You hit the orc.
The orc is poisoned.
The orc hits you but does no damage. The orc hits you with a +0 flail.
The orc hits you but does no damage.
You are electrocuted!
You die...

## . .. .# #. .#
###.########.###
.#
#...............
.# <.....#
...#.#.# ####..#
..... # #oo#
#)@# #..# #..#
#..# # # #..##.#
#..# #.....#
...# ##.####
##.# #.# #.##


You could see 2 orcs.

Vanquished Creatures
  An orc priest (D:2)
  2 orc wizards (D:3)
  An adder (D:1)
  2 worms
  13 orcs
  5 bats
  2 endoplasms
  2 giant cockroaches
  5 goblins
  4 hobgoblins
  11 jackals
  A kobold (D:3)
  A quokka (D:2)
  5 ball pythons
  5 frilled lizards
  6 rats
66 creatures vanquished.

Notes
Turn   | Place    | Note
-------+----------+-------------------------------------------
     0 | D:1      | jlumianski the Demonspawn Fighter began the quest for the
                  | Orb.
     0 | D:1      | Reached XP level 1. HP: 18/18 MP: 1/1
   108 | D:2      | Gained mutation: You have sharp fingernails. [demonic
                  | ancestry]
   108 | D:2      | Reached XP level 2. HP: 22/24 MP: 2/2
   278 | D:1      | Reached XP level 3. HP: 29/29 MP: 3/3
   439 | D:1      | Found a faded altar of an unknown god.
  1234 | D:2      | Reached XP level 4. HP: 28/35 MP: 4/4
  1918 | D:3      | Found Urytacir's Weapon Shop.
  1926 | D:3      | Bought a +0 war axe of venom for 62 gold pieces
  2004 | D:5      | Entered Level 5 of the Dungeon
  2066 | D:3      | Gained mutation: Your demonic aura sometimes causes spilled
                  | blood to erupt in flames. [demonic ancestry]
  2066 | D:3      | Reached XP level 5. HP: 42/42 MP: 5/5
  2101 | D:3      | Found a burning altar of Makhleb.
  2184 | D:3      | Slain by an orc

Illustrated notes

Levels and vault maps discovered:
D:1:      minmay_arrival_jagged, layout_loops_ring,
          shapermc_ecumenical_altar_totnotflames, nicolae_titane
D:2:      layout_loops_ring, serial_bayou_pond_c, minmay_small_reverse_x
D:3:      layout_loops_ring, mainiacjoe_overflow_alcove_2, serial_shops,
          nicolae_shop_bloodbath_and_beyond
D:4:      layout_loops_corners, dreamdust_princess_corridor
D:5:      layout_basic, minmay_temple_entry_statues_pillars, minivault_27,
          minmay_ruined_shrine

Skill      XL: |  1  2  3  4 |
---------------+-------------+-----
Axes           | 2 3 |  3.3
Armour         | 3 |  3.5
Shields        | 3 |  3.0
Fighting       | |  3.8
Dodging        | |  0.8
Stealth        | |  0.1

Action                   |  1- 3 |  4- 6 || total
-------------------------+-------+-------++-------
Melee: War axe           |    96 |    61 ||   157
Throw: Boomerang         |     1 |       ||     1
  Use: Scroll            |       |     7 ||     7
       Potion            |       |     1 ||     1
Armor: Scale mail        |    60 |    29 ||    89
Dodge: Dodged            |    65 |    25 ||    90
Block: Buckler           |    25 |    21 ||    46

Table legend: (Time is in decaauts)
 A = Elapsed time spent in this place.
 B = Non-inter-level travel time spent in this place.
 C = Inter-level travel time spent in this place.
 D = Time resting spent in this place.
 E = Time spent auto-exploring this place.
 F = Levels seen in this place.
 G = Mean time per level.
                   A        B        C        D        E       F      G
               +--------+--------+--------+--------+--------+-----+--------+
         Total |   2261 |   2245 |     16 |    184 |   1094 |   5 |  452.2 |
       Dungeon |   2261 |   2245 |     16 |    184 |   1094 |   5 |  452.2 |
               +--------+--------+--------+--------+--------+-----+--------+

Top non-repeatable levels by time:
     D:1: 1017 daAuts
     D:2: 827 daAuts
     D:3: 381 daAuts
     D:4: 32 daAuts
     D:5: 1 daAuts
